AoeStats
← dariotbuisness

Arabia

510514349Analyzed
2v2 RM · 1d ago on Oct 1, 2026· 30m 41s· 4 players
Game mode
Random Map
Map size
Medium (4 player)
Population
200
Speed
Normal
Resources
Standard
Victory
Conquest
Starting age
Dark Age
Ending age
Imperial Age
RankedLock teamsTeams togetherTeam positionsShared explorationLock speedFull tech treeHidden civsTurbo modeCheats
Victory
Defeat
🇨🇳 Slavs · China
1337
+13
🇯🇵 Varangians · Japan
1302
+14
🇩🇪 Danes · Germany
1285
-14
🇩🇪 Spanish · Germany
1245
-13
dariotbuisness
10:46 Feudal Age
9:44 Loom
11:53 Double-Bit Axe
11:51 Horse Collar
17:18 Arson
21:58 Castle Age
22:04 Scale Mail Armor
22:15 Forging
23:36 Chain Mail Armor
29:09 Bow Saw
NoSkills
7:28 Loom
10:02 Feudal Age
11:55 Double-Bit Axe
20:34 Horse Collar
22:19 Gold Mining
24:34 Bloodlines
29:15 Castle Age
228811348
4:17 Loom
11:12 Feudal Age
11:15 Man-at-Arms
12:46 Double-Bit Axe
14:11 Horse Collar
15:31 Gold Mining
18:01 Wheelbarrow
22:41 Castle Age
20:50 Fletching
22:05 Stone Mining
22:40 Forging
22:31 Scale Mail Armor
23:45 Long Swordsman
25:01 Iron Casting
23:59 Pikeman
25:23 Squires
25:56 Chain Mail Armor
26:16 Scale Barding Armor
27:54 Chain Barding Armor
30:29 Hand Cart
31:01 Gold Shaft Mining
mayoke331
7:24 Loom
9:48 Feudal Age
13:40 Wheelbarrow
14:39 Bloodlines
15:28 Horse Collar
17:21 Double-Bit Axe
22:27 Gold Mining
25:04 Castle Age
23:26 Scale Barding Armor
24:36 Forging
25:29 Stone Mining
25:10 Light Cavalry
25:58 Husbandry
26:12 Bow Saw
27:12 Iron Casting
28:19 Hand Cart
28:03 Fletching
28:36 Heavy Plow
29:15 Chain Barding Armor
Connection lost

Rejoining the realm…

Still unreachable

The connection could not be restored.

Session expired

The server has moved on; the page needs a fresh start.